Map: Pendiente de Agustín EE

Players

Mistica

  • Race: Zerg Zerg
  • Spawn Location: 6:00

Gokit

  • Race: Protoss Protoss
  • Spawn Location: 6:00

Asterisco

  • Race: Protoss Protoss
  • Spawn Location: 5:00

MrFercho - Winner!

  • Race: Zerg Zerg
  • League: Silver
  • Spawn Location: 11:00

tigro - Winner!

  • Race: Terran Terran
  • League: Bronze
  • Spawn Location: 12:00

TATORREA - Winner!

  • Race: Protoss Protoss
  • League: Gold
  • Spawn Location: 12:00

VOD

Have the link to the VOD?

Description

Time

  • Played on: July 4, 2020, 10:01 p.m.
  • Length: 15:16
Show
View Real Time Build Order
Export as new Build Order

Mistica Zerg 

Build Orders: Pool First 

Get SALT Encoding   

  12  0:02  Drone  
  13  0:12  Drone  
  14  0:17  Overlord  
  14  0:23  Extractor  
  14  0:25  Drone  
  14  0:39  Drone  
  15  0:47  Spawning Pool  
  15  0:49  Drone  
  15  0:58  Overlord  
  15  1:13  Drone x2  
  17  1:21  Drone  
  18  1:38  Queen  
  20  1:41  Zergling x4  
  20  1:43  Metabolic Boost  
  22  1:54  Zergling x2  
  23  2:02  Zergling x2  
  24  2:27  Drone x2  
  25  2:33  Lair  
  25  2:44  Hatchery  
  24  2:45  Drone x2  
  26  3:10  Extractor, Drone x4  
  29  3:30  Drone  
  30  3:39  Infestation Pit  
  30  3:40  Drone  
  30  3:42  Overlord  
  30  3:43  Overlord x2  
  30  3:55  Drone  
  30  3:59  Overlord  
  31  4:07  Drone x3  
  34  4:15  Drone  
  35  4:18  Hive  
  35  4:26  Burrow  
  35  4:32  Extractor x2, Drone  
  35  4:33  Drone x3  
  37  4:42  Drone  
  37  4:43  Drone x2  
  40  4:53  Hatchery  
  39  5:15  Spore Crawler x2  
  39  5:17  Drone x4  
  39  5:18  Drone x2, Spore Crawler  
  42  5:28  Spine Crawler  
  42  5:35  Queen  
  43  5:37  Pneumatized Carapace  
  43  5:38  Adrenal Glands  
  43  5:52  Overseer x2  
  43  5:53  Overseer, Hydralisk Den  
  43  5:54  Overlord  
  42  5:57  Drone x2  
  44  6:07  Drone x2  
  46  6:19  Queen  
  46  6:23  Grooved Spines  
  48  6:32  Overseer  
  48  6:56  Zergling x10, Hatchery  
  48  6:57  Zergling x8  
  48  6:59  Zergling x6  
  59  7:10  Ultralisk Cavern  
  58  7:27  Zergling x2  
  58  7:28  Zergling x10  
  64  7:31  Zergling x4  
  64  7:34  Muscular Augments  
  66  7:41  Overlord  
  66  7:42  Overlord x2  
  66  7:44  Zergling x4  
  68  7:56  Zergling x6  
  68  7:57  Zergling x6  
  74  8:00  Overlord  
  74  8:02  Overlord  
  74  8:11  Chitinous Plating  
  74  8:17  Zergling x2  
  75  8:20  Zergling x2  
  75  8:21  Zergling x2  
  77  8:33  Zergling x2  
  77  8:34  Zergling x10  
  81  8:36  Drone  
  84  8:42  Queen  
  84  8:46  Zergling x4  
  88  8:59  Baneling Nest  
  87  9:11  Evolution Chamber  
  87  9:12  Evolution Chamber  
  87  9:15  Zergling x2, Evolution Chamber  
  87  9:16  Zergling x10  
  90  9:22  Overlord  
  90  9:25  Overlord  
  90  9:29  Anabolic Synthesis  
  90  9:32  Drone  
  90  9:33  Drone x2  
  93  9:50  Hatchery  
  93  9:52  Zergling x4  
  94  9:57  Zerg Melee Weapons Level 1  
  94  10:04  Zerg Ground Armor Level 1  
  94  10:08  Zerg Missile Weapons Level 1  
  73  10:56  Zergling x6  
  73  10:57  Zergling x12  
  61  11:09  Queen  
  63  11:13  Drone  
  63  11:14  Drone x3  
  63  11:15  Drone x6  
  63  11:17  Drone  
  63  11:18  Drone x4  
  78  11:24  Centrifical Hooks  
  78  11:36  Drone x3  
  78  11:37  Drone x3  
  78  11:38  Drone  
  78  11:39  Drone x2  
  88  11:40  Drone x4  
  91  12:06  Spore Crawler  
  91  12:07  Spore Crawler x2  
  91  12:08  Spore Crawler x3  
  86  12:15  Spore Crawler  
  84  12:16  Spore Crawler  
  80  12:25  Spore Crawler  
  80  12:26  Spore Crawler  
  80  12:28  Spore Crawler  
  50  12:45  Zerg Ground Armor Level 2  
  50  12:56  Zergling x2  
  50  12:57  Zergling x6  
  54  12:58  Hydralisk x3  
  60  13:06  Ultralisk  
  60  13:07  Ultralisk  
  41  13:55  Overseer  
Show
View Real Time Build Order
Export as new Build Order

Gokit Protoss 

Build Orders:  

Get SALT Encoding   

  1  0:00  Probe  
  13  0:15  Pylon  
  13  0:28  Assimilator  
  13  0:37  Gateway  
  13  0:56  Probe  
  14  1:05  Probe  
  15  1:13  Probe  
  16  1:23  Probe  
  17  1:35  Probe  
  17  1:37  Zealot  
  20  1:43  Assimilator  
  20  1:47  Probe  
  21  2:06  Cybernetics Core  
  21  2:08  Probe  
  22  2:20  Probe  
  23  2:54  Stargate  
  23  3:02  Pylon  
  23  3:10  Nexus  
  23  3:16  Probe  
  23  3:24  Pylon x2, Probe  
  25  3:35  Probe  
  25  3:36  Adept  
  28  3:46  Void Ray  
  28  3:47  Probe  
  33  4:06  Adept  
  35  4:25  Nexus  
  35  4:31  Void Ray  
  39  4:42  Probe  
  39  4:50  Probe  
  39  4:51  Assimilator  
  41  5:00  Probe  
  41  5:04  Void Ray  
  42  5:12  Probe  
  43  5:17  Probe  
  48  5:24  Probe  
  49  5:28  Probe  
  50  5:36  Probe x2  
  52  5:43  Stalker  
  52  5:46  Probe  
  52  5:48  Probe  
  56  5:58  Probe  
  56  6:01  Probe  
  58  6:04  Void Ray  
  58  6:08  Probe  
  58  6:09  Probe  
  63  6:13  Stalker, Probe  
  63  6:17  Probe x2  
  69  6:25  Probe  
  69  6:26  Probe  
  71  6:36  Probe  
  71  6:38  Probe  
  73  6:43  Stalker  
  75  6:48  Probe  
  75  6:51  Probe  
  77  7:01  Pylon  
  77  7:02  Pylon  
  77  7:03  Pylon  
  77  7:05  Pylon  
  77  7:06  Pylon  
  77  7:19  Void Ray  
  77  7:20  Stargate  
  81  7:23  Fleet Beacon  
  81  7:38  Protoss Air Weapons Level 1  
  81  7:54  Cybernetics Core  
  81  7:55  Mothership  
  81  8:02  Void Ray  
  85  8:07  Assimilator  
  93  8:45  Void Ray  
  97  8:54  Tempest  
  102  9:03  Nexus  
  102  9:05  Pylon  
  102  9:06  Pylon  
  102  9:10  Assimilator  
  102  9:12  Unknown  
  102  9:16  Assimilator  
  102  9:19  Assimilator  
  102  9:24  Protoss Air Armor Level 1, Assimilator  
  102  9:27  Void Ray  
  106  9:36  Tempest  
  111  9:40  Stalker  
  113  10:10  Stalker  
  113  10:14  Tempest  
  115  10:18  Void Ray  
  124  10:46  Protoss Air Weapons Level 2  
  124  10:49  Tempest  
  124  10:50  Void Ray  
  133  11:07  Robotics Facility, Probe  
  133  11:09  Pylon  
  134  11:15  Probe  
  134  11:22  Stalker  
  134  11:23  Void Ray  
  134  11:25  Tempest, Probe  
  147  11:51  Stalker  
  145  12:06  Void Ray  
  145  12:08  Tempest  
  154  12:12  Stalker  
  156  12:31  Pylon  
  156  12:32  Pylon  
  156  12:34  Robotics Bay  
  75  13:10  Forge  
  75  13:11  Stalker  
  73  13:30  Carrier  
  51  14:03  Pylon, Disruptor  
  45  14:39  Disruptor  
Show
View Real Time Build Order
Export as new Build Order

Asterisco Protoss 

Build Orders: Carriers 

Get SALT Encoding   

  12  0:01  Probe  
  13  0:13  Pylon  
  13  0:19  Probe  
  14  0:28  Probe  
  15  0:36  Probe  
  15  0:41  Assimilator  
  16  0:45  Probe  
  17  0:57  Probe  
  18  1:09  Probe  
  19  1:12  Gateway  
  19  1:16  Assimilator  
  19  1:21  Gateway, Probe  
  20  1:33  Probe  
  21  1:45  Probe  
  22  1:57  Probe  
  23  2:09  Cybernetics Core  
  23  2:17  Pylon  
  23  2:35  Zealot  
  23  2:36  Probe, Zealot  
  28  2:39  Pylon  
  28  2:43  Pylon  
  28  2:51  Stargate  
  28  2:56  Warp Gate, Pylon  
  28  3:01  Probe  
  28  3:03  Zealot x2  
  33  3:07  Forge  
  33  3:09  Probe  
  33  3:19  Probe  
  35  3:31  Probe  
  35  3:32  Stargate  
  36  3:43  Probe  
  36  3:47  Nexus  
  37  3:57  Pylon  
  37  4:16  Fleet Beacon  
  37  4:22  Probe  
  37  4:30  Probe  
  39  4:40  Probe  
  39  4:45  Photon Cannon  
  40  4:47  Photon Cannon  
  40  4:51  Protoss Air Weapons Level 1  
  40  4:52  Photon Cannon, Probe  
  41  5:01  Pylon  
  41  5:04  Probe  
  42  5:18  Probe  
  43  5:28  Probe  
  43  5:30  Probe  
  43  5:32  Carrier  
  51  5:38  Probe  
  52  5:45  Carrier  
  52  5:46  Probe x2  
  60  5:59  Assimilator  
  60  6:01  Assimilator  
  60  6:02  Probe  
  61  6:07  Gateway  
  61  6:14  Probe  
  62  6:23  Robotics Facility  
  62  6:26  Probe  
  62  6:30  Pylon  
  63  6:36  Carrier  
  63  6:38  Probe  
  70  6:46  Probe  
  71  6:54  Probe  
  71  6:55  Mothership  
  72  7:04  Probe  
  81  7:13  Immortal  
  85  7:16  Probe  
  86  7:34  Pylon  
  86  7:43  Pylon  
  86  7:47  Pylon  
  86  7:52  Stalker x2  
  96  7:58  Carrier  
  96  8:02  Immortal  
  100  8:14  Gateway  
  100  8:18  Photon Cannon  
  100  8:21  Photon Cannon  
  100  8:24  Photon Cannon  
  100  8:28  Nexus  
  100  8:36  Protoss Shields Level 1  
  100  8:41  Protoss Air Weapons Level 2  
  100  8:47  Twilight Council  
  100  8:49  Immortal  
  104  8:55  Probe  
  105  9:03  Probe  
  106  9:13  Probe  
  107  9:20  Carrier  
  113  9:25  Probe  
  113  9:26  Assimilator  
  113  9:28  Assimilator  
  113  9:29  Observer  
  115  9:32  Pylon  
  115  9:36  Pylon  
  115  9:37  Probe  
  116  9:41  Pylon  
  116  9:49  Gateway  
  116  9:50  Observer  
  117  9:53  Gateway  
  117  10:05  Pylon  
  117  10:11  Blink  
  117  10:14  Carrier  
  123  10:29  Cybernetics Core  
  123  10:31  Probe  
  124  10:43  Probe  
  125  10:55  Probe  
  126  11:01  Photon Cannon  
  126  11:10  Pylon  
  126  11:13  Carrier  
  126  11:14  Protoss Air Armor Level 1  
  126  11:17  Carrier  
  138  11:19  Immortal  
  138  11:21  Protoss Air Weapons Level 3  
  142  11:58  Immortal  
  146  12:12  Charge  
  146  12:13  Carrier  
  146  12:14  Carrier  
  146  12:27  Stalker x2  
  162  12:55  Shield Battery  
  162  12:59  Shield Battery  
  162  13:03  Pylon  
  99  13:37  Immortal  
  99  13:41  Stalker x5  
  99  13:42  Stalker  
  99  13:47  Carrier  
  46  15:06  Zealot  
Show
View Real Time Build Order
Export as new Build Order

MrFercho Zerg - Winner!

Build Orders: Hatch First, Brood Lord Corruptor, Lurkers 

Get SALT Encoding   

  12  0:01  Drone  
  13  0:25  Drone  
  13  0:26  Overlord  
  14  0:49  Drone x3  
  17  1:13  Hatchery  
  17  1:16  Drone x2  
  18  1:20  Spawning Pool  
  18  1:22  Drone  
  18  1:36  Overlord  
  18  1:44  Drone  
  19  1:55  Extractor, Drone  
  19  1:59  Extractor  
  18  2:04  Drone  
  19  2:08  Queen  
  21  2:18  Drone  
  22  2:25  Queen  
  22  2:27  Overlord x2  
  24  2:36  Drone  
  25  2:37  Drone  
  26  2:47  Lair  
  26  2:48  Drone x2  
  28  2:57  Drone  
  29  2:58  Drone  
  30  3:08  Queen  
  30  3:10  Drone x2  
  34  3:16  Drone  
  34  3:19  Drone x2  
  37  3:20  Drone  
  38  3:32  Drone x3  
  41  3:40  Drone x3  
  44  3:48  Drone x2  
  46  3:49  Drone  
  46  3:50  Drone x2  
  46  3:53  Drone  
  46  3:54  Drone  
  51  3:57  Extractor  
  51  3:58  Extractor  
  49  4:03  Drone  
  49  4:05  Drone  
  51  4:13  Hydralisk Den  
  51  4:14  Drone  
  51  4:15  Drone  
  51  4:17  Overlord x2  
  52  4:26  Metabolic Boost  
  52  4:29  Overlord  
  52  4:30  Overlord x2  
  52  4:57  Drone  
  52  4:58  Drone x8  
  61  5:35  Overlord x7  
  61  5:37  Hatchery  
  61  5:40  Hatchery  
  59  5:58  Drone x2  
  59  5:59  Drone x3  
  59  6:00  Hatchery  
  63  6:07  Grooved Spines  
  63  6:14  Infestation Pit  
  63  6:16  Lurker Den  
  61  6:26  Drone  
  61  6:27  Drone  
  63  6:46  Overlord x4  
  63  6:47  Overlord x3  
  63  6:49  Overlord  
  63  7:00  Drone x6  
  69  7:05  Extractor  
  69  7:08  Extractor  
  67  7:18  Overseer x3, Muscular Augments  
  67  7:19  Hatchery  
  66  7:27  Evolution Chamber  
  66  7:29  Extractor  
  64  7:30  Evolution Chamber  
  64  7:31  Evolution Chamber  
  62  7:54  Drone x5  
  62  7:55  Drone x3  
  70  8:10  Spire  
  69  8:13  Hive  
  69  8:31  Zerg Melee Weapons Level 1, Zerg Ground Armor Level 1, Zerg Missile Weapons Level 1  
  69  8:48  Drone x15  
  77  8:49  Drone x2  
  77  8:50  Drone x4  
  77  8:51  Drone  
  91  8:56  Extractor  
  90  9:24  Hydralisk x20  
  90  9:25  Hydralisk x2  
  90  9:29  Adaptive Talons  
  134  9:31  Greater Spire  
  134  10:26  Seismic Spines  
  107  10:49  Spine Crawler  
  107  10:50  Spine Crawler, Lurker x11  
  107  10:51  Lurker  
  107  10:52  Spine Crawler, Mutalisk x14  
  144  11:20  Hydralisk x9  
  144  11:21  Hydralisk  
  164  11:39  Lurker x2  
  166  11:40  Lurker  
  167  11:47  Zergling x2  
  167  11:48  Zergling x46  
  191  11:59  Drone  
  191  12:00  Drone x5  
  157  12:54  Corruptor x5  
  157  12:55  Corruptor x7  
  155  13:56  Brood Lord  
  155  14:00  Brood Lord  
  157  14:40  Brood Lord x4  
  156  14:59  Zergling x2  
Show
View Real Time Build Order
Export as new Build Order

tigro Terran - Winner!

Build Orders:  

Get SALT Encoding   

  12  0:02  SCV  
  13  0:15  SCV  
  14  0:24  Supply Depot  
  14  0:27  SCV  
  15  0:46  SCV  
  16  0:53  Barracks  
  16  1:00  Refinery  
  16  1:09  SCV  
  17  1:20  Refinery  
  17  1:22  SCV  
  18  1:30  Supply Depot  
  18  1:34  SCV  
  19  1:44  Marine  
  19  1:46  SCV  
  21  1:55  Barracks  
  21  1:58  SCV  
  22  2:02  Marine  
  23  2:10  SCV  
  24  2:20  Marine  
  24  2:22  SCV  
  26  2:37  Marine  
  26  2:38  Engineering Bay  
  27  2:44  Orbital Command  
  27  2:46  Factory  
  27  2:49  Barracks Reactor  
  27  2:55  Marine  
  28  3:21  Barracks Tech Lab  
  28  3:31  Factory Tech Lab  
  28  3:35  Terran Infantry Weapons Level 1  
  28  3:41  Command Center  
  28  3:55  Marine  
  28  3:57  Marine  
  28  4:00  Marine  
  31  4:08  Command Center  
  31  4:13  Marine  
  31  4:15  Siege Tank  
  35  4:48  Starport  
  35  4:55  Refinery  
  35  5:04  SCV  
  36  5:16  SCV  
  36  5:21  SCV  
  38  5:23  Refinery  
  38  5:25  Starport  
  38  5:28  SCV  
  39  5:29  Medivac, Terran Infantry Armor Level 1  
  39  5:33  SCV  
  39  5:35  Combat Shield  
  42  5:40  SCV  
  43  5:45  SCV  
  44  5:52  SCV  
  45  5:57  SCV  
  46  6:09  SCV x2  
  46  6:11  Refinery x2  
  48  6:19  Starport Tech Lab  
  48  6:21  SCV  
  49  6:29  Starport Tech Lab  
  49  6:33  SCV  
  49  6:37  Fusion Core  
  50  6:46  Siege Tank, SCV  
  54  6:49  Marine x3  
  57  6:54  Stimpack  
  57  6:58  SCV  
  58  7:05  SCV  
  58  7:07  Marine x3  
  62  7:17  SCV  
  63  7:23  Hi-Sec Auto Tracking  
  63  7:24  Marine  
  63  7:25  Armory, Marine  
  63  7:29  SCV  
  66  7:41  SCV  
  67  7:53  SCV  
  68  8:03  Weapon Refit  
  68  8:05  SCV  
  69  8:10  Battlecruiser  
  75  8:20  Neosteel Armor  
  75  8:21  Supply Depot  
  75  8:42  Battlecruiser  
  75  8:44  Supply Depot  
  81  8:48  Terran Vehicle Weapons Level 1  
  81  8:54  Marine  
  81  8:55  Marine x2  
  84  9:07  Supply Depot  
  84  9:12  Marine  
  84  9:13  Marine x2  
  87  9:30  Marine x3  
  90  9:42  Missile Turret  
  90  9:44  Rapid Reignition System  
  90  9:48  Marine x3  
  90  9:51  Medivac  
  95  9:55  Thor  
  101  10:01  Battlecruiser  
  101  10:04  Missile Turret  
  101  10:06  Marine  
  108  10:21  Medivac  
  108  10:26  Missile Turret  
  110  10:38  Thor  
  116  10:43  Terran Vehicle And Ship Armor Level 1  
  116  10:49  Missile Turret  
  114  10:54  Planetary Fortress  
  95  11:23  Siege Tank  
  98  11:31  Battlecruiser  
  104  11:36  SCV  
  105  11:48  SCV  
  106  11:55  Siege Tank  
  106  12:00  SCV  
  110  12:12  SCV  
  111  12:24  SCV  
  112  12:37  Terran Ship Weapons Level 1  
  112  12:39  Marine x3  
  114  12:57  Marine x3  
  96  13:14  Marine  
  96  13:15  Marine x2  
  99  13:32  Marine x2  
  99  13:33  Marine  
  96  13:50  Marine x3  
  90  14:08  Marine x3  
  93  14:26  Marine x3  
  92  14:44  Marine  
Show
View Real Time Build Order
Export as new Build Order

TATORREA Protoss - Winner!

Build Orders: Carriers 

Get SALT Encoding   

  12  0:01  Probe  
  13  0:13  Probe  
  14  0:25  Pylon, Probe  
  15  0:43  Probe  
  15  0:44  Gateway  
  16  0:55  Probe  
  17  1:02  Assimilator  
  17  1:06  Probe  
  17  1:07  Pylon  
  18  1:14  Probe  
  18  1:22  Probe  
  20  1:36  Probe  
  21  1:45  Assimilator  
  21  1:49  Nexus  
  21  1:55  Pylon  
  21  1:56  Probe  
  22  2:10  Probe  
  22  2:14  Cybernetics Core  
  23  2:31  Probe  
  24  2:39  Probe  
  25  2:47  Probe  
  25  2:48  Pylon  
  26  2:52  Gateway, Warp Gate  
  26  2:53  Gateway  
  26  2:57  Stalker  
  28  3:00  Probe  
  28  3:02  Probe  
  30  3:14  Robotics Facility  
  30  3:15  Probe  
  30  3:17  Probe  
  32  3:27  Sentry, Probe  
  32  3:29  Probe  
  36  3:37  Stargate  
  36  3:39  Probe  
  36  3:41  Probe  
  38  3:44  Stalker  
  40  3:50  Stalker  
  40  3:53  Probe x2  
  44  4:10  Nexus  
  44  4:14  Probe  
  44  4:15  Probe  
  44  4:17  Pylon  
  46  4:22  Observer  
  47  4:29  Probe x2  
  49  4:40  Assimilator  
  49  4:41  Assimilator, Probe  
  49  4:42  Probe  
  49  4:43  Immortal  
  55  4:53  Probe  
  55  4:54  Probe  
  57  5:06  Probe x2  
  59  5:18  Probe x2  
  61  5:32  Gateway  
  61  5:34  Gateway  
  61  5:35  Probe  
  61  5:36  Probe x2  
  61  5:37  Pylon  
  61  5:39  Stalker x2  
  61  5:40  Stalker, Pylon  
  61  5:42  Immortal  
  74  5:44  Pylon  
  74  5:52  Fleet Beacon  
  74  5:56  Stargate  
  74  6:01  Probe x3  
  77  6:06  Phoenix  
  79  6:23  Stargate  
  79  6:25  Gateway  
  79  6:26  Gateway  
  79  6:27  Probe x3  
  79  6:29  Gateway  
  79  6:30  Cybernetics Core  
  82  6:33  Protoss Air Weapons Level 1  
  82  6:34  Stalker x2  
  82  6:35  Stalker  
  88  6:42  Assimilator  
  88  6:46  Assimilator  
  88  6:49  Probe x3  
  88  6:50  Pylon  
  88  6:53  Pylon  
  91  7:02  Probe x3  
  94  7:16  Void Ray  
  94  7:17  Void Ray x2  
  106  7:23  Nexus  
  106  7:28  Pylon  
  106  7:29  Probe  
  108  7:30  Probe x2  
  108  7:31  Pylon  
  109  7:44  Gateway  
  109  7:45  Gateway  
  109  7:47  Gateway  
  109  7:50  Gateway  
  109  7:52  Stalker  
  109  7:53  Stalker  
  109  7:54  Stalker  
  109  7:55  Stalker  
  109  7:56  Stalker  
  119  8:01  Observer  
  120  8:15  Probe  
  120  8:16  Probe x2  
  123  8:27  Probe  
  123  8:34  Probe x2  
  126  8:35  Gateway  
  126  8:36  Gateway  
  126  8:39  Gateway  
  126  8:40  Assimilator, Probe  
  127  8:41  Gateway  
  127  8:43  Gateway  
  127  8:44  Assimilator  
  127  8:48  Pylon  
  127  8:49  Pylon  
  127  8:53  Pylon  
  127  8:58  Forge  
  127  8:59  Forge  
  127  9:00  Probe x2  
  127  9:01  Probe  
  130  9:03  Forge  
  130  9:05  Twilight Council  
  130  9:18  Nexus  
  130  9:20  Assimilator  
  130  9:24  Assimilator  
  130  9:26  Pylon  
  130  9:29  Pylon  
  130  9:33  Protoss Ground Armor Level 1, Protoss Ground Weapons Level 1, Protoss Shields Level 1  
  130  9:39  Blink  
  130  9:42  Probe x3  
  130  9:43  Probe  
  134  9:55  Tempest, Carrier x2  
  134  9:58  Anion Pulse-Crystals  
  151  10:01  Stalker  
  153  10:10  Protoss Air Weapons Level 2  
  153  10:15  Protoss Air Armor Level 1  
  153  10:38  Tempest  
  158  10:51  Stalker x3  
  158  10:52  Stalker x5  
  158  10:53  Stalker x2  
  158  10:54  Stalker x4  
  158  10:55  Stalker x3  
  192  10:59  Tempest, Carrier  
  199  11:24  Charge  
  199  11:27  Protoss Shields Level 2, Protoss Ground Armor Level 2  
  199  11:36  Protoss Ground Weapons Level 2  
  191  12:44  Protoss Air Armor Level 2  
  185  13:07  Tempest, Carrier  
  185  13:08  Carrier  
  128  13:50  Carrier  
  108  14:11  Tempest  
  108  14:12  Carrier  
  114  14:25  Stalker x2  
  114  14:26  Stalker x4  
  114  14:27  Stalker x4  
  114  14:28  Stalker x3  
  114  14:29  Stalker x3  
  146  14:31  Stalker  
  148  14:43  Gateway  
  148  14:44  Gateway  
  148  14:46  Gateway  
  148  14:50  Gateway  
Tags
 
Add a new tag
Caveats
  • Supply blocks, unpowered buildings, or Contaminate may cause inaccurate times.
  • Supply counts are checked every 10 seconds.